 Dungeon Crawl Stone Soup version 0.31-a0-740-g87205ac768 (webtiles) character file.

Game seed: 8499523865254991873

102027 Newt the Severer (level 15, 0/110 HPs)
             Began as a Demonspawn Gladiator on Sept 12, 2023.
             Was the Champion of Okawaru.
             Hit by a silver javelin thrown by a merfolk javelineer (9 damage)
             ... on level 2 of the Shoals.
             The game lasted 00:29:58 (23474 turns).

Newt the Severer (Demonspawn Gladiator)            Turns: 23474, Time: 00:29:59

Health: 0/110      AC: 30    Str: 31    XL:     15   Next: 85%
Magic:  30/30      EV: 10    Int: 13    God:    Okawaru [******]
Gold:   1433       SH: 16    Dex: 14    Spells: 14/14 levels left

rFire   . . .        L - +7 war axe (elec)
rCold   . . .        g - +0 kite shield of Askes {+Blink rElec rC- rCorr}
rNeg    + + +        E - +7 chain mail of Mezcal {Drain +Inv rN+++ Str+4}
rPois   .            (helmet unavailable)
rElec   +            Q - +0 cloak {Stlth+}
rCorr   +            R - +1 pair of gloves {Str+3}
SInv    .            N - +2 pair of boots {Fly}
Will    ++...        O - amulet "Zoxich" {Reflect MP+9 Str+4 Int+3 Dex-4 SH+5} Stlth
                     i - ring of willpower
HPRegen 0.38/turn    c - +4 ring of slaying
MPRegen 0.22/turn

%: reflection
@: sanguine armoured, flying
A: horns 3, powered by death 2, spiny 2, sanguine armour 2, agile 1, cold
resistance 1, deformed body, low MP 1, screaming 1
a: Renounce Religion, Evoke Blink, Evoke Invisibility, Heroism, Finesse, Duel


You were on level 2 of the Shoals.
You worshipped Okawaru.
Okawaru was exalted by your worship.
You visited 4 branches of the dungeon, and saw 23 of its levels.
You also visited: Bailey.

You collected 2066 gold pieces.
You spent 633 gold pieces at shops.

Inventory:

Hand Weapons
 L - a +7 war axe of electrocution (weapon)
Missiles
 n - 48 poisoned darts
 o - 43 boomerangs (quivered)
 y - a silver javelin
 F - 4 darts of dispersal
 K - a throwing net
 V - 13 javelins
 Z - 7 atropa-tipped darts
Armour
 e - a +0 ring mail of fire resistance
 g - the +0 kite shield of Askes (worn) {+Blink rElec rC- rCorr}
   (Okawaru gifted it to you on level 14 of the Dungeon)

   rC-:       It makes you vulnerable to cold.
   rElec:     It insulates you from electricity.
   +Blink:    It lets you blink.
   rCorr:     It protects you from acid and corrosion.
 E - the +7 chain mail of Mezcal (worn) {Drain +Inv rN+++ Str+4}
   (You found it on level 6 of the Dungeon)

   Str+4:     It affects your strength (+4).
   rN+++:     It renders you almost immune to negative energy.
   +Inv:      It lets you turn invisible.
   Drain:     It drains your maximum health when unequipped.
 J - a +2 chain mail of cold resistance
 N - a +2 pair of boots of flying (worn)
 Q - a +0 cloak of stealth (worn)
 R - a +1 pair of gloves of strength (worn)
Jewellery
 c - a +4 ring of slaying (right hand)
 d - a ring of protection from fire
 i - a ring of willpower (left hand)
 t - a ring of see invisible
 D - a ring of protection from cold
 H - a ring of resist corrosion
 O - the amulet "Zoxich" (around neck) {Reflect MP+9 Str+4 Int+3 Dex-4 SH+5}
   (You found it on level 3 of the Lair of Beasts)

   [amulet of reflection]

   Reflect:   It reflects blocked missile attacks.
   Str+4:     It affects your strength (+4).
   Int+3:     It affects your intelligence (+3).
   Dex-4:     It affects your dexterity (-4).
   MP+9:      It affects your magic capacity (+9).
   SH+5:      It affects your SH (+5).
Wands
 b - a wand of iceblast (3)
 u - a wand of polymorph (10)
 I - a wand of light (8)
 M - a wand of charming (21)
 P - a wand of flame (10)
Scrolls
 a - a scroll of fear
 h - 19 scrolls of identify
 j - 12 scrolls of teleportation
 z - a scroll of revelation
 G - 4 scrolls of enchant armour
 X - 2 scrolls of fog
Potions
 f - a potion of magic
 k - 4 potions of curing
 l - 5 potions of ambrosia
 m - 3 potions of might
 p - 4 potions of heal wounds
 r - 3 potions of cancellation
 s - a potion of resistance
 v - 2 potions of attraction
 w - 2 potions of brilliance
 x - a potion of invisibility
 A - 5 potions of haste
 C - 7 potions of enlightenment
 S - 5 potions of lignification
 T - a potion of mutation
Miscellaneous
 q - a phial of floods
 Y - a tin of tremorstones (1/2)


   Skills:
 - Level 8.0 Fighting
 - Level 4.0 Short Blades
 - Level 17.0 Axes
 - Level 10.0 Throwing
 - Level 10.0 Armour
 - Level 4.0 Dodging
 + Level 9.9 Shields
 - Level 12.0 Invocations


You had 14 spell levels left.
You didn't know any spells.
Your spell library contained the following spells:

 Spells                   Type           Power      Damage    Failure   Level
 Magic Dart               Conj           0%         1d3       83%         1
 Necrotise                Necr           0%         1d4       83%         1
 Ensorcelled Hibernation  Hex/Ice        0%         N/A       93%         2
 Jinxbite                 Hex            0%         N/A       93%         2
 Lesser Beckoning         Tloc           0%         N/A       93%         2
 Scorch                   Fire           0%         2d5       93%         2
 Searing Ray              Conj           0%         2d4       93%         2
 Static Discharge         Conj/Air       0%         2-2/arc   93%         2
 Frozen Ramparts          Ice            0%         1d1       99%         3
 Gell's Gravitas          Tloc           0%         N/A       99%         3
 Mephitic Cloud           Conj/Pois/Air  0%         N/A       99%         3
 Teleport Other           Tloc           0%         N/A       99%         3
 Vampiric Draining        Necr           0%         2d6       99%         3
 Airstrike                Air            0%         2d(0-16)  100%        4
 Anguish                  Hex/Necr       0%         N/A       100%        4
 Flame Wave               Conj/Fire      0%         2d4       100%        4
 Fulminant Prism          Conj/Hex       0%         3d5       100%        4
 Passage of Golubria      Tloc           0%         N/A       100%        4
 Petrify                  Tmut/Erth      0%         N/A       100%        4
 Vhi's Electric Charge    Tloc/Air       0%         N/A       100%        4
 Agony                    Necr           0%         N/A       100%        5
 Arcjolt                  Conj/Air       0%         1d10      100%        5
 Metabolic Englaciation   Hex/Ice        0%         N/A       100%        5
 Yara's Violent Unravell  Hex/Tmut       0%         3d3       100%        5
 Plasma Beam              Fire/Air       0%         2x1d10    100%        6
 Ozocubu's Refrigeration  Ice            0%         4d7       100%        7
 Borgnjor's Revivificati  Necr           0%         N/A       100%        8
 Death's Door             Necr           0%         N/A       100%        9
 Polar Vortex             Ice            0%         N/A       100%        9
 Call Imp                 Summ           Unusable   N/A       N/A         2
 Tukima's Dance           Hex            Unusable   N/A       N/A         3
 Summon Lightning Spire   Summ/Air       Unusable   N/A       N/A         4
 Simulacrum               Ice/Necr       Unusable   N/A       N/A         6
 Summon Cactus Giant      Summ           Unusable   N/A       N/A         6
 Haunt                    Necr/Summ      Unusable   N/A       N/A         7

Dungeon Overview and Level Annotations

Branches:
Dungeon (15/15)            Temple (1/1) D:7            Lair (5/5) D:11
 Shoals (2/4) Lair:3        Snake (0/4) Lair:3        Slime (0/5) Lair:5
    Orc (0/2) D:9          Vaults (0/5) D:14         Depths (0/4) D:15
 Bailey (visited)

Altars:
Ashenzari
Cheibriados
Dithmenos
Fedhas
Gozag
Hepliaklqana
Kikubaaqudgha
Makhleb
Nemelex Xobeh
Okawaru
Qazlal
Ru
Sif Muna
Trog
Uskayaw
Vehumet
Wu Jian
Xom
Yredelemnul
Jiyva

Shops:
D:1 [   D:2 !   D:12 ?[   D:14 =:

Portals:
Trove: D:14 (give 18 potions of curing)

Annotations:
D:10 exclusions: obsidian statue and orange crystal statue
D:12 3 runed translucent doors, Xavori's ghost, journeyman OpCK
Lair:2 1 runed translucent door, Jeek's ghost, journeyman GnBe
Shoals:2 Polyphemus


Innate Abilities, Weirdness & Mutations

You have a pair of large horns on your head.
You regenerate health from kills.
You are mostly covered in sharp spines.
When seriously injured, your blood forms thick armour. (AC +9)
You are agile. (Dex +4, Str/Int -1)
Your flesh is cold resistant. (rC+)
Armour fits poorly on your strangely shaped body.
Your magical capacity is low. (-10% MP)
You occasionally shout uncontrollably at your foes.


Message History

Aim: a merfolk javelineer, wielding a +0 spear, wearing a +0 leather armour and quivering silver javelins (moderately wounded, 64% to hit)
You throw a boomerang.
The boomerang barely misses the merfolk javelineer.
The merfolk javelineer throws a silver javelin.
The silver javelin pierces through you but does no damage.
The silver sears you!
Throw: 43 boomerangs
Press: ? - help, Q - select action, (/) - cycle Shift-Dir - straight line, f/p - merfolk javelineer
Aim: a merfolk javelineer, wielding a +0 spear, wearing a +0 leather armour and quivering silver javelins (moderately wounded, 64% to hit)
You throw a boomerang.
The boomerang closely misses the merfolk javelineer.
You carefully extract the barbed spikes from your body.
Throw: 43 boomerangs
Press: ? - help, Q - select action, (/) - cycle Shift-Dir - straight line, f/p - merfolk javelineer
Aim: a merfolk javelineer, wielding a +0 spear, wearing a +0 leather armour and quivering silver javelins (moderately wounded, 64% to hit)
You throw a boomerang.
The boomerang closely misses the merfolk javelineer.
The merfolk javelineer throws a silver javelin.
The silver javelin pierces through you but does no damage.
The silver sears you!
Throw: 43 boomerangs
Press: ? - help, Q - select action, (/) - cycle Shift-Dir - straight line, f/p - merfolk javelineer
Aim: a merfolk javelineer, wielding a +0 spear, wearing a +0 leather armour and quivering silver javelins (moderately wounded, 64% to hit)
You throw a boomerang.
The boomerang barely misses the merfolk javelineer.
The merfolk javelineer throws a silver javelin.
The silver javelin pierces through you!
* * * LOW HITPOINT WARNING * * *
The silver sears you!
* * * LOW HITPOINT WARNING * * *
Throw: 43 boomerangs
Press: ? - help, Q - select action, (/) - cycle Shift-Dir - straight line, f/p - merfolk javelineer
Aim: a merfolk javelineer, wielding a +0 spear, wearing a +0 leather armour and quivering silver javelins (moderately wounded, 64% to hit)
You throw a boomerang.
The boomerang barely misses the merfolk javelineer.
The merfolk javelineer throws a silver javelin.
The silver javelin pierces through you!
* * * LOW HITPOINT WARNING * * *
The silver sears you!
You die...

~...~~~~.~~~~~~~~~...........
~.....~~.~~~~~~~~~..l.Y~..~..
.<...~~~.~~~.......<..~C....
#.(.~~.~~...(......S....~.. ..
#............####..m....~.
..###...##.~...m.#####........
........#..~~.#......##...~~..
.~........~~......... ..~~~..
.~....~.~~~..@....... .~~~~~.
~~~~...~~~.......###...
.~~~~.# ~~~~.~~~~~.......#
..~.~.. ~~~~.~~~~†~~~~~....
≈≈~~.~~~≈≈~~~~~~~~~..
≈≈≈~~~~≈≈≈≈≈~~~~~~~~.
≈~~~~~≈≈≈≈≈≈≈≈~~~~~~~~
~~~.~~≈≈≈≈≈≈≈≈≈≈~~~~~~~
~.~.~.~~~~≈≈≈≈~~~~


You could see a merfolk javelineer.

Vanquished Creatures
  A tentacled starspawn (Lair:2)
  Ilsuiw (Shoals:2)
  Kirke (Lair:4)
  A merfolk impaler (Shoals:1)
  A fire dragon (Lair:5)
  A merfolk javelineer (Shoals:2)
  A spriggan zombie (D:15)
  8 vault guards (D:14)
  2 hydras
  An ogre mage (D:15)
  A catoblepas (Lair:5)
  7 centaur warriors
  2 boulder beetles
  6 two-headed ogres
  A death knight (D:15)
  A tengu warrior (D:15)
  4 death yaks
  A skyshark (Shoals:2)
  A golden dragon zombie (D:15)
  2 sea snakes (Shoals:2)
  18 skeletal warriors
  An orc knight (D:15)
  A lindwurm (Lair:5)
  A necromancer (D:15)
  2 deep elf pyromancers
  A phantasmal warrior (D:15)
  3 fauns (Shoals:1)
  An oklob plant (Shoals:1)
  4 manticores
  2 iron dragon zombies (D:15)
  3 cyclopes
  8 ugly things
  8 merfolk sirens
  12 elephants
  8 black mambas
  7 centaur zombies (D:13)
  A torpor snail (Lair:1)
  9 cane toads
  A gargoyle (D:12)
  3 molten gargoyles (Lair:5)
  2 kobold demonologists (D:12)
  12 komodo dragons
  2 efreet (D:13)
  2 tengu conjurers (D:14)
  A queen bee (D:9)
  3 trolls
  3 wind drakes
  3 meliai (D:14)
  2 polar bears (Lair:5)
  10 merfolk
  13 blink frogs
  Grinder (D:3)
  11 dream sheep
  2 snapping turtles (Shoals:1)
  A meliai zombie (D:13)
  7 shadows
  3 wyverns (Lair:5)
  5 wraiths
  2 water elementals
  45 yaks
  2 vampires (D:13)
  2 humans
  4 basilisks (Lair:5)
  2 hogs (Lair:4)
  5 steam dragons
  15 vampire mosquitoes
  A warg (D:15)
  2 nagas (Lair:3)
  15 water moccasins
  4 hell hounds (Lair:5)
  A sky beast (D:8)
  16 orc warriors
  2 black bears
  13 wolves
  11 centaurs
  A tengu (shapeshifter) (D:13)
  7 ogres
  3 phantoms
  4 kobold brigands
  14 bullfrogs
  A gnoll sergeant (D:8)
  9 wights
  33 killer bees
  4 troll zombies (D:9)
  2 electric eels
  5 lava snakes (Lair:5)
  A gnoll bouda (D:4)
  5 hounds
  A jelly (D:6)
  8 orc priests
  4 sleepcaps
  2 boggart zombies (D:13)
  Natasha (thrice) (D:3)
  5 iguanas
  10 orc wizards
  2 ogre zombies (D:9)
  11 adders
  23 gnolls
  A shadow imp (D:8)
  2 white imps
  2 ufetubi
  2 worms
  5 dart slugs
  31 orcs
  7 ball pythons
  10 endoplasms
  3 giant cockroaches
  10 goblins
  7 hobgoblins
  6 jackals (D:4)
  39 kobolds
  7 quokkas
  6 bats
  5 frilled lizards
  2 goblin skeletons (D:9)
  2 goblin zombies (D:9)
  2 hobgoblin zombies (D:9)
  3 orc skeletons (D:9)
  10 orc zombies (D:9)
  2 rats
685 creatures vanquished.

Vanquished Creatures (others)
  A manticore (Shoals:2)
  A yak (D:10)
  2 kobolds (D:7)
  2 starspawn tentacles (Lair:2)
6 creatures vanquished.

Grand Total: 691 creatures vanquished

Notes
Turn   | Place    | Note
-------+----------+-------------------------------------------
     0 | D:1      | Newt the Demonspawn Gladiator began the quest for the Orb.
     0 | D:1      | Reached XP level 1. HP: 16/16 MP: 1/1
   252 | D:1      | Found Kuerashri's Armour Emporium.
   355 | D:1      | Gained mutation: When seriously injured, your blood forms
                  | armour. (AC +9) [demonic ancestry]
   355 | D:1      | Reached XP level 2. HP: 23/23 MP: 2/2
   806 | D:1      | Found a faded altar of an unknown god.
  1068 | D:2      | Reached XP level 3. HP: 29/29 MP: 3/3
  1135 | D:2      | Reached XP level 4. HP: 23/38 MP: 4/4
  1649 | D:2      | Found Nalei's Distillery.
  1654 | D:2      | Bought a potion of curing for 30 gold pieces
  2312 | D:3      | Reached skill level 5 in Fighting
  2438 | D:3      | Noticed Natasha
  2456 | D:3      | Killed Natasha
  2457 | D:3      | Reached XP level 5. HP: 35/44 MP: 5/5
  2577 | D:3      | Noticed Natasha
  2591 | D:3      | Killed Natasha
  2646 | D:3      | Identified the +0 leather armour of the Hurricane {rF+}
  2649 | D:3      | Noticed Natasha
  2653 | D:3      | Found a shadowy altar of Dithmenos.
  2710 | D:3      | Killed Natasha
  2825 | D:3      | Noticed Grinder
  2833 | D:3      | Paralysed by Grinder for 3 turns
  2850 | D:3      | Paralysed by Grinder for 4 turns
  2854 | D:3      | Killed Grinder
  2855 | D:3      | Gained mutation: You have a pair of small horns on your
                  | head. [demonic ancestry]
  2855 | D:3      | Reached XP level 6. HP: 46/51 MP: 6/6
  3212 | D:4      | Reached skill level 5 in Throwing
  4135 | D:4      | Gained mutation: You regenerate a little health from kills.
                  | [demonic ancestry]
  4135 | D:4      | Reached XP level 7. HP: 39/56 MP: 7/7
  4570 | D:4      | Reached skill level 1 in Armour
  4629 | D:4      | Identified the +2 ring mail of the Tortured God {rN+ Str+5}
  4679 | D:4      | Found a sacrificial altar of Ru.
  5190 | D:5      | Entered Level 5 of the Dungeon
  5718 | D:5      | Gained mutation: You regenerate health from kills. [demonic
                  | ancestry]
  5718 | D:5      | Reached XP level 8. HP: 63/63 MP: 8/8
  5736 | D:5      | Found a hazy altar of Hepliaklqana.
  6440 | D:6      | Identified the +7 chain mail of Mezcal {Drain +Inv rN+++
                  | Str+4}
  6937 | D:6      | Found a shimmering blue altar of Sif Muna.
  7003 | D:6      | Reached XP level 9. HP: 74/74 MP: 9/9
  7030 | D:6      | Found a hazy altar of Hepliaklqana.
  7038 | D:6      | Reached skill level 5 in Armour
  7122 | D:6      | Found a sparkling altar of Nemelex Xobeh.
  7900 | D:7      | Found an opulent altar of Gozag.
  7900 | D:7      | Found a hide-covered altar of Uskayaw.
  7908 | D:7      | Found a broken altar of Ashenzari.
  7910 | D:7      | Found a radiant altar of Vehumet.
  7912 | D:7      | Found a shimmering blue altar of Sif Muna.
  8585 | D:7      | Found a staircase to the Ecumenical Temple.
  8592 | Temple   | Entered the Ecumenical Temple
  9067 | D:8      | Reached skill level 1 in Axes
  9100 | D:8      | Found a flagged portal.
  9107 | Bailey   | Entered a bailey
  9147 | Bailey   | Reached skill level 2 in Axes
  9191 | Bailey   | Reached skill level 3 in Axes
  9218 | Bailey   | Reached skill level 4 in Axes
  9279 | Bailey   | Reached skill level 5 in Axes
  9564 | D:8      | Gained mutation: You are partially covered in sharp spines.
                  | [demonic ancestry]
  9564 | D:8      | Reached XP level 10. HP: 46/80 MP: 10/10
  9978 | D:8      | Reached skill level 6 in Axes
 10225 | D:8      | Found a shimmering altar of Xom.
 10282 | D:8      | Found an iron altar of Okawaru.
 10293 | D:8      | Became a worshipper of Warmaster Okawaru
 10439 | D:9      | Reached skill level 7 in Axes
 10651 | D:1      | Bought a +1 pair of gloves of strength for 165 gold pieces
 10698 | D:2      | Bought a potion of lignification for 30 gold pieces
 10698 | D:2      | Bought a potion of mutation for 80 gold pieces
 10698 | D:2      | Bought a potion of might for 40 gold pieces
 10698 | D:2      | Bought a potion of might for 40 gold pieces
 10698 | D:2      | Bought a potion of lignification for 30 gold pieces
 10698 | D:2      | Bought a potion of haste for 100 gold pieces
 10698 | D:2      | Bought a potion of brilliance for 40 gold pieces
 10983 | D:9      | Found a staircase to the Orcish Mines.
 10985 | D:9      | Reached skill level 8 in Axes
 10998 | D:9      | Reached * piety under Okawaru
 11302 | D:9      | Reached skill level 9 in Axes
 11342 | D:9      | Reached ** piety under Okawaru
 11699 | D:10     | Entered Level 10 of the Dungeon
 11730 | D:10     | Reached XP level 11. HP: 86/86 MP: 11/11
 11746 | D:10     | Noticed an orange crystal statue
 11746 | D:10     | Noticed an obsidian statue
 11756 | D:10     | Noticed a sixfirhy
 12009 | D:10     | Reached skill level 10 in Axes
 12457 | D:10     | Found a bloodstained altar of Trog.
 12944 | D:11     | Reached *** piety under Okawaru
 12952 | D:11     | Reached skill level 11 in Axes
 13139 | D:11     | Found a staircase to the Lair.
 13231 | D:11     | Noticed a boulder beetle
 13282 | D:11     | Killed a boulder beetle
 13283 | D:11     | Reached skill level 12 in Axes
 13333 | D:11     | Noticed a two-headed ogre
 13339 | D:11     | Killed a two-headed ogre
 13417 | D:11     | Identified the +0 scale mail "Umumumn" {rN+ Regen+}
 13460 | D:11     | Reached **** piety under Okawaru
 13787 | D:12     | Noticed a two-headed ogre
 13792 | D:12     | Killed a two-headed ogre
 13818 | D:12     | Found Ybeunep's Antique Armour Emporium.
 13850 | D:12     | Noticed a cyan ugly thing
 13858 | D:12     | Killed a cyan ugly thing
 13859 | D:12     | Reached skill level 13 in Axes
 13900 | D:12     | Noticed a two-headed ogre
 13906 | D:12     | Killed a two-headed ogre
 13906 | D:12     | Reached ***** piety under Okawaru
 13906 | D:12     | Received a gift from Okawaru
 13935 | D:12     | Noticed a two-headed ogre
 13940 | D:12     | Killed a two-headed ogre
 14002 | D:12     | Found Xauneiro's Magic Scroll Emporium.
 14010 | D:12     | Bought a scroll of identify for 26 gold pieces
 14010 | D:12     | Bought a scroll of identify for 26 gold pieces
 14010 | D:12     | Bought a scroll of identify for 26 gold pieces
 14043 | D:12     | Found a runed translucent gate.
 14044 | D:12     | Found a runed translucent gate.
 14044 | D:12     | Found a runed translucent gate.
 14044 | D:12     | Noticed an azure jelly
 14044 | D:12     | Noticed Xavori's ghost (journeyman OpCK)
 14044 | D:12     | Noticed an acid blob
 14044 | D:12     | Noticed an acid blob
 14045 | D:12     | Noticed an azure jelly
 14046 | D:12     | Noticed an acid blob
 14171 | D:12     | Gained mutation: When seriously injured, your blood forms
                  | thick armour. (AC +9) [demonic ancestry]
 14171 | D:12     | Reached XP level 12. HP: 92/92 MP: 12/12
 14271 | D:12     | Found a radiant altar of Vehumet.
 14400 | D:12     | Found a viscous altar of Jiyva.
 14607 | D:13     | Received a gift from Okawaru
 14608 | D:13     | Reached skill level 14 in Axes
 14805 | D:13     | Received a gift from Okawaru
 14840 | D:13     | Received a gift from Okawaru
 14841 | D:13     | Reached skill level 15 in Axes
 15004 | D:13     | Received a gift from Okawaru
 15197 | D:13     | Identified the +6 great sword "Sarcophage" {heavy, Str+2}
 15278 | D:13     | Received a gift from Okawaru
 15349 | D:13     | Reached skill level 16 in Axes
 15540 | D:13     | Gained mutation: You are mostly covered in sharp spines.
                  | [demonic ancestry]
 15540 | D:13     | Reached XP level 13. HP: 81/98 MP: 10/13
 15771 | D:14     | Reached skill level 17 in Axes
 15875 | D:14     | Received a gift from Okawaru
 15975 | D:14     | Found a gate to the Vaults.
 15983 | D:14     | Received a gift from Okawaru
 16010 | D:14     | Identified the +0 kite shield of Askes {+Blink rElec rC-
                  | rCorr} (Okawaru gifted it to you on level 14 of the
                  | Dungeon)
 16010 | D:14     | Received a gift from Okawaru
 16231 | D:14     | Found Omiysiseo's Book Boutique.
 16364 | D:14     | Reached skill level 10 in Throwing
 16364 | D:14     | Found Roum's Jewellery Shoppe.
 16563 | D:14     | Found a portal to a secret trove of treasure.
 16783 | D:14     | Reached skill level 5 in Invocations
 16846 | D:15     | Entered Level 15 of the Dungeon
 16927 | D:15     | Found a staircase to the Depths.
 16948 | D:15     | Gained mutation: You have a pair of horns on your head.
                  | [demonic ancestry]
 16948 | D:15     | Reached XP level 14. HP: 35/105 MP: 17/19
 17341 | D:15     | Reached ****** piety under Okawaru
 17341 | D:15     | Received a gift from Okawaru
 17408 | D:15     | Reached skill level 10 in Invocations
 17419 | D:15     | Received a gift from Okawaru
 17665 | D:15     | Received a gift from Okawaru
 17801 | D:15     | Received a gift from Okawaru
 18013 | Lair:1   | Entered Level 1 of the Lair of Beasts
 18023 | Lair:1   | Identified the +2 spear "Xilil" {holy, Int+2}
 18282 | Lair:1   | Received a gift from Okawaru
 18311 | Lair:1   | Identified the +1 leather armour of Generosity {rC- Int+4
                  | Slay+4}
 18715 | Lair:2   | Identified the +5 arbalest of Epaev {heavy, rC- Int+3
                  | Dex+3} (Okawaru gifted it to you on level 2 of the Lair of
                  | Beasts)
 18715 | Lair:2   | Received a gift from Okawaru
 18984 | Lair:2   | Found a runed translucent door.
 18986 | Lair:2   | Found a shimmering altar of Xom.
 18986 | Lair:2   | Noticed Jeek's ghost (journeyman GnBe)
 18986 | Lair:2   | Identified the +5 long sword "Qigaeh" {chaos, rElec rPois
                  | rF- rC+}
 19168 | Lair:2   | Found a runed translucent door.
 19168 | Lair:2   | Noticed a tentacled starspawn
 19532 | Lair:2   | Killed a tentacled starspawn
 19731 | Lair:3   | Found a staircase to the Shoals.
 19876 | Lair:3   | Received a gift from Okawaru
 20019 | Lair:3   | Found a staircase to the Snake Pit.
 20022 | Lair:3   | Received a gift from Okawaru
 20123 | Lair:3   | Identified the amulet "Zoxich" {Reflect MP+9 Str+4 Int+3
                  | Dex-4 SH+5}
 20509 | Lair:4   | Gained mutation: You have a pair of large horns on your
                  | head. [demonic ancestry]
 20509 | Lair:4   | Reached XP level 15. HP: 110/110 MP: 24/24
 20539 | Lair:4   | Reached skill level 10 in Armour
 20603 | Lair:4   | Noticed Kirke
 20612 | Lair:4   | Reached skill level 1 in Shields
 20613 | Lair:4   | Killed Kirke
 20835 | Lair:4   | Identified the +8 chain mail of Distant Worlds {rN+ Dex+3}
                  | (Okawaru gifted it to you on level 4 of the Lair of Beasts)
 20835 | Lair:4   | Received a gift from Okawaru
 20998 | Lair:4   | You are sucked into a shaft and drop 1 floor!
 20998 | Lair:5   | Entered Level 5 of the Lair of Beasts
 21173 | Lair:5   | Reached skill level 5 in Shields
 21501 | Lair:5   | Found a staircase to the Slime Pits.
 21599 | Lair:5   | Found a large runed translucent door.
 21600 | Lair:5   | Found a large runed translucent door.
 22199 | Lair:5   | Gained mutation: You are frail. (-10% HP) [potion of
                  | mutation]
 22199 | Lair:5   | Gained mutation: You are resistant to electric shocks.
                  | (rElec) [potion of mutation]
 22199 | Lair:5   | Gained mutation: Your mind is acute. (Int +4, Str/Dex -1)
                  | [potion of mutation]
 22200 | Lair:5   | Lost mutation: Your mind is acute. (Int +4, Str/Dex -1)
                  | [potion of mutation]
 22200 | Lair:5   | Lost mutation: You are resistant to electric shocks.
                  | (rElec) [potion of mutation]
 22200 | Lair:5   | Lost mutation: You are frail. (-10% HP) [potion of
                  | mutation]
 22200 | Lair:5   | Gained mutation: You sometimes lose your temper in combat.
                  | [potion of mutation]
 22200 | Lair:5   | Gained mutation: Your magical capacity is low. (-10% MP)
                  | [potion of mutation]
 22200 | Lair:5   | Gained mutation: Your flesh is cold resistant. (rC+)
                  | [potion of mutation]
 22201 | Lair:5   | Lost mutation: You sometimes lose your temper in combat.
                  | [potion of mutation]
 22201 | Lair:5   | Lost mutation: Your flesh is cold resistant. (rC+) [potion
                  | of mutation]
 22201 | Lair:5   | Gained mutation: You occasionally shout uncontrollably at
                  | your foes. [potion of mutation]
 22201 | Lair:5   | Gained mutation: You are agile. (Dex +4, Str/Int -1)
                  | [potion of mutation]
 22201 | Lair:5   | Gained mutation: Armour fits poorly on your strangely
                  | shaped body. [potion of mutation]
 22201 | Lair:5   | Gained mutation: Your flesh is cold resistant. (rC+)
                  | [potion of mutation]
 22335 | Shoals:1 | Entered Level 1 of the Shoals
 22351 | Shoals:1 | Found Qaci's Magic Scroll Shop.
 22781 | Shoals:1 | Found a stormy altar of Qazlal.
 22822 | Shoals:1 | Identified the +2 robe of Wariness {Regen+ rCorr}
 23030 | Shoals:2 | Noticed Polyphemus
 23185 | Shoals:2 | Noticed Ilsuiw
 23188 | Shoals:2 | Received a gift from Okawaru
 23218 | Shoals:2 | Received a gift from Okawaru
 23218 | Shoals:2 | Killed Ilsuiw
 23474 | Shoals:2 | Hit by a silver javelin thrown by a merfolk javelineer

Illustrated notes

Levels and vault maps discovered:
D:1:      dpeg_arrival_more_subterranean_lakeside_camping, layout_loops_ring,
          serial_shops, shop, shapermc_ecumenical_altar_hornbeckon, st_stairs_8,
          minmay_octomino_c4
D:2:      layout_basic, serial_shops, shop
D:3:      layout_basic, nicolae_dithmenos_shadow_blocks, minmay_door_square,
          chequers_jeans, uniq_grinder, uniq_natasha
D:4:      layout_basic, nicolae_ru_great_annihilating_truth,
          kennysheep_generic_room_8
D:5:      layout_cave_pools, mainiacjoe_overflow_six_doors_small, minivault_5
D:6:      layout_loops_ring, mainiacjoe_overflow_alcove_4,
          kennysheep_small_spiral, chequers_arboretum, hangedman_feature_mirror
D:7:      nicolae_BIG_FREAKIN_CUBE, layout_basic, zin_statuary,
          chequers_temple_overflow_minitemple, temple_green, chequers_big_river
D:8:      layout_loops_ring, lemuel_coloured_pillars_altar,
          hellmonk_okawaru_the_only_friend_you_need, enter_bailey_2,
          hangedman_decor_diamond_cutter, kennysheep_small_square
D:9:      layout_small_grid, zombieorc1_lemuel, minivault_7
D:10:     layout_roguey, mainiacjoe_overflow_24_doors,
          mainiacjoe_overflow_catwalk, minivault_22, fountainhead, david_greed
D:11:     layout_irregular_city, lair_entry_dummy
D:12:     layout_roguey, serial_shops, nicolae_lakefront_shop, shop,
          gammafunk_ghost_ooze, chequers_serial_rivers_small_b, vehumet_crystals
D:13:     layout_basic, serial_undead, serial_undead_e, serial_undead_c,
          serial_undead_f, serial_undead_f, serial_undead_a, serial_undead_d,
          serial_undead_a, serial_undead_b, serial_undead_f, serial_undead_d
D:14:     layout_loops_corners, erik_vaults_2, serial_shops, shop,
          nicolae_trove_entry_isolated, grunt_ministairs_10,
          minmay_shop_enchanted_jewellery
D:15:     gammafunk_depths_entry_grave, layout_basic, nrook_mini_vaults,
          lemuel_nasty_fountain
Temple:   hellmonk_temple_of_storms
Lair:1:   layout_loops_ring, grunt_megastairs_5, infiniplex_staircase_pool_2
Lair:2:   layout_gridlike, ebering_ghost_xom, special_room,
          pdpol_lair_cabin_in_the_woods, lemuel_fruit_tree
Lair:3:   layout_loops_ring, elwin_shoals_entry_stream,
          minmay_snake_entry_guardpost_small
Lair:4:   layout_loops_ring, chequers_serial_rivers_large_b,
          serial_bayou_shore_b, uniq_kirke
Lair:5:   cheibrodos_lair_end_hotspot, layout_regular_city, slime_entry_1,
          serial_bayou_shore_a
Shoals:1: layout_shoals, serial_shops, shop, lemuel_oklob_altar
Shoals:2: layout_shoals, uniq_ilsuiw, uniq_polyphemus

Skill      XL: |  1  2  3  4  5  6  7  8  9 10 11 12 13 14 15 |
---------------+----------------------------------------------+-----
Fighting       | 3 4 5 8 |  8.0
Throwing       | 2 4 5 7 10 | 10.0
Short Blades   | 3 4 |  4.0
Armour         | 3 4 5 9 10 | 10.0
Dodging        | 4 |  4.0
Axes           | 5 9 13 16 17 | 17.0
Invocations    | 7 12 | 12.0
Shields        | 9 |  9.9

Action                     |  1- 3 |  4- 6 |  7- 9 | 10-12 | 13-15 || total
---------------------------+-------+-------+-------+-------+-------++-------
  Melee: Rapier            |   116 |    67 |       |       |       ||   183
         Punch             |     2 |       |    10 |     7 |     2 ||    21
         Short sword       |       |   144 |   554 |       |       ||   698
         Unarmed           |       |     3 |       |       |       ||     3
         Headbutt          |       |    18 |   133 |   118 |   201 ||   470
         War axe           |       |       |    73 |   507 |   840 ||  1420
  Throw: Throwing net      |     1 |     1 |     3 |     1 |     1 ||     7
         Javelin           |     1 |     1 |     1 |       |    11 ||    14
         Boomerang         |       |    20 |    55 |       |    25 ||   100
         Dart              |       |     4 |     2 |       |       ||     6
 Invoke: Heroism           |       |       |       |     2 |     6 ||     8
  Evoke: Wand              |       |       |       |       |     2 ||     2
         Tin of tremorston |       |       |       |       |     1 ||     1
    Use: Scroll            |     4 |     5 |     9 |     8 |     2 ||    28
         Potion            |       |       |     3 |     2 |     5 ||    10
   Stab: Sleeping          |     1 |       |       |       |       ||     1
         Paralysed         |       |       |     1 |       |       ||     1
         Held in net/web   |       |       |       |     1 |       ||     1
 Armour: Leather armour    |    65 |     2 |       |       |       ||    67
         Ring mail         |       |   100 |   143 |       |       ||   243
         Skin              |       |     4 |       |       |       ||     4
         Chain mail        |       |       |   167 |   389 |   636 ||  1192
  Dodge: Dodged            |    61 |    89 |   346 |   398 |   344 ||  1238
  Block: Kite shield       |       |       |       |       |   347 ||   347
         Reflection        |       |       |       |       |    10 ||    10

Table legend: (Time is in decaauts)
 A = Elapsed time spent in this place.
 B = Non-inter-level travel time spent in this place.
 C = Inter-level travel time spent in this place.
 D = Time resting spent in this place.
 E = Time spent auto-exploring this place.
 F = Levels seen in this place.
 G = Mean time per level.
                   A        B        C        D        E       F      G
               +--------+--------+--------+--------+--------+-----+--------+
         Total |  23097 |  21541 |   1556 |   3871 |  13580 |  24 |  962.4 |
       Dungeon |  17277 |  15937 |   1340 |   3418 |   9581 |  15 | 1151.8 |
        Temple |      1 |      0 |      1 |      0 |      0 |   1 |    1.0 |
          Lair |   4251 |   4096 |    155 |    248 |   3150 |   5 |  850.2 |
        Shoals |   1114 |   1055 |     59 |    205 |    643 |   2 |  557.0 |
        Bailey |    451 |    451 |      0 |      0 |    206 |   1 |  451.0 |
               +--------+--------+--------+--------+--------+-----+--------+

Top non-repeatable levels by time:
     D:4: 2045 daAuts
     D:3: 1586 daAuts
     D:7: 1521 daAuts
  Lair:5: 1250 daAuts
    D:13: 1213 daAuts
    D:10: 1209 daAuts
     D:6: 1194 daAuts
    D:14: 1123 daAuts
     D:1: 1119 daAuts
  Lair:2: 1058 daAuts
    D:15: 1049 daAuts
     D:8: 1031 daAuts
     D:2: 998 daAuts
     D:9: 892 daAuts
    D:11: 875 daAuts
